 Dungeon Crawl Stone Soup version 0.29.0-4-gdea44cf6ec (webtiles) character file.

Game seed: 4182162509210562628

910 enile the Magician (level 8, -3/59 HPs)
             Began as a Djinni Wanderer on Aug 27, 2022.
             Was an Elder of Jiyva.
             Slain by Maggie
             ... wielding a +0 long sword
              (12 damage)
             ... on level 6 of the Dungeon.
             The game lasted 00:07:47 (5343 turns).

enile the Magician (Djinni Wanderer)                Turns: 5343, Time: 00:07:48

Health: -3/59      AC:  4    Str: 11    XL:     8   Next: 30%
Gold:   179        EV: 16    Int: 12    God:    Jiyva [****..] SH:  0 Dex: 23

rFire   + + .      SeeInvis +   a - +0 dagger
rCold   x . .      Faith    .   (no shield)
rNeg    . . .      Spirit   .   e - +0 leather armour
rPois   ∞          Reflect  .   (helmet unavailable)
rElec   .          Harm     .   (no cloak)
rCorr   +          Rampage  .   (no gloves)
Will    .....                   (boots unavailable)
Stlth   ++........              (no amulet)
HPRegen 1.47/turn               o - +6 ring of dexterity
MPRegen 0.00/turn               (no ring)

@: brilliant, freezing walls, flying, mesmerised, invisible
A: sickness immunity, fire resistance 2, cold vulnerability 1, float, innate
caster, HP casting, extra vitality 1, antennae 3, gelatinous body 1
a: Renounce Religion, Oozemancy, Slimify


You were on level 6 of the Dungeon.
You worshipped Jiyva.
Jiyva was greatly pleased with you.
You visited 1 branch of the dungeon, and saw 6 of its levels.
You also visited: Sewer.

You collected 229 gold pieces.
You spent 50 gold pieces at shops.

Inventory:

Hand Weapons
 a - a +0 dagger (weapon)
 g - a +0 mace
 h - a +2 mace of protection
 m - a +2 whip of distortion
Armour
 d - a +0 helmet
 e - a +0 leather armour (worn)
 q - quicksilver dragon scales
Magical Staves
 k - a staff of earth
Jewellery
 o - a +6 ring of dexterity (left hand)
Scrolls
 c - a scroll of fog
 i - a scroll of magic mapping {unknown}
 l - a scroll of blinking
 n - 2 scrolls of identify {unknown}
 p - a scroll of enchant weapon {unknown}
 r - 2 scrolls of teleportation {unknown}
 s - 2 scrolls of enchant armour {unknown}
Potions
 b - 2 potions of haste
 f - 2 potions of might
 u - a potion of cancellation {unknown}
 v - a potion of mutation {unknown}


   Skills:
 - Level 5.0 Fighting
 - Level 1.0 Throwing
 - Level 1.0 Armour
 - Level 5.0 Dodging
 - Level 2.0 Unarmed Combat
 + Level 5.7 Spellcasting


You had 12 spell levels left.
You knew the following spells:

 Your Spells              Type           Power      Damage    Failure   Level
a - Sting                 Tmut/Pois      100%       1d8       2%          1
b - Blink                 Tloc           50%        N/A       3%          2
c - Frozen Ramparts       Ice            50%        1d8       7%          3
Your spell library was empty.

Dungeon Overview and Level Annotations

Branches:
Dungeon (6/15)              Sewer (visited)
 Temple: D:4-7

Altars:
Trog
Zin
Jiyva

Shops:
D:3 *

Annotations:
D:3 2 runed translucent doors, TheOneDM's ghost, weakling MiFi
D:6 Maggie


Innate Abilities, Weirdness & Mutations

You are immune to sickness and miasma.
You are immune to poison.
Your flesh is very heat resistant. (rF++)
You are vulnerable to cold. (rC-)
You float through the air rather than walking.
You learn spells naturally, not from books.
Your magical power is your life essence.
You have superior vitality. (+4 MHP)
You have a pair of large antennae on your head. (SInv)
Your rubbery body absorbs attacks. (AC +1, EV +1)


Message History

The sting hits Maggie but does no damage.
Maggie looks even sicker.
Maggie is heavily wounded.
The wall freezes Maggie but does no damage.
Maggie hits you with a +0 long sword!
You closely miss Maggie.
Maggie is heavily wounded.
The frozen ramparts melt away.
Maggie mumbles some strange words.
Maggie attempts to bespell you!
You are mesmerised by Maggie!
You hit Maggie.
Maggie is heavily wounded.
Maggie hits you with a +0 long sword.
You hit Maggie but do no damage.
Maggie is heavily wounded.
Maggie closely misses you.
Casting: Sting (safe; 2% risk of failure)
Confirm with . or Enter, or press ? or * to list all spells.
Casting: Frozen Ramparts (dangerous; 7% risk of failure)
Press: ? - help, Dir - look around, f - activate The walls around you are covered in ice.
The wall freezes Maggie but does no damage.
Maggie points at you and mumbles some strange words.
The bolt of fire hits you! You resist.
You hit Maggie but do no damage.
Maggie is severely wounded.
The wall freezes Maggie but does no damage.
Maggie hits you with a +0 long sword!
* * * LOW HITPOINT WARNING * * *
You fade into invisibility!
The wall freezes Maggie but does no damage.
Maggie closely misses you.
You aren't carrying any items that you can evoke.
Unknown command.
Okay, then.
It was a potion of brilliance.
You feel clever all of a sudden.
The wall freezes Maggie.
Maggie hits you with a +0 long sword!
You die...

#.. # ##..#
########
.....# ####
.......##
.....# #..##
###.....#
#.....# #...#
# ###...#
##......# {
#...# #..##
###.......#
#...## #.##
##..@......#
##....# #.#
##..@........
#....## #.##
##..####......
#...## ##.#
##..## .....#
#..## #
#.###..##
...## #..# ##
#.....##
#..#### #..#
.## #....##
#.. ##.## ..##
#....# ##..#
##.##
#..###....#
##..# ##.##


You could see Maggie (mesmerising, unable to see you, poisoned).

Vanquished Creatures
  A water moccasin (D:6)
  Pargi (Sewer)
  An ogre (D:6)
  2 bullfrogs (D:6)
  A scorpion (D:5)
  A necrophage (D:6)
  2 howler monkeys
  2 orc priests
  A hound (D:6)
  An iguana (D:5)
  2 orc wizards
  7 adders
  A river rat (D:3)
  A worm (D:3)
  3 dart slugs
  21 orcs
  9 ball pythons
  3 bats
  3 endoplasms (D:1)
  5 giant cockroaches
  4 goblins
  3 hobgoblins
  5 jackals
  10 kobolds
  2 quokkas (D:1)
  10 frilled lizards
  A rat (D:2)
103 creatures vanquished.

Vanquished Creatures (others)
  2 black bears (D:5)
  An ogre (D:6)
  2 centaurs
  A kobold brigand (D:6)
  2 bullfrogs (D:6)
  A scorpion (D:6)
  7 jellies
  3 hounds
  An iguana (D:5)
  3 orc wizards (D:6)
  An adder (D:5)
  A shadow imp (D:6)
  19 orcs
  3 endoplasms
  A goblin (D:4)
  A bat (D:3)
  A frilled lizard (D:3)
  A rat (D:3)
51 creatures vanquished.

Grand Total: 154 creatures vanquished

Notes
Turn   | Place    | Note
-------+----------+-------------------------------------------
     0 | D:1      | enile the Djinni Wanderer began the quest for the Orb.
     0 | D:1      | enile set off with the following items: a +0 dagger, a
                  | potion of haste, a scroll of fog, a +0 helmet, a +0 leather
                  | armour, 2 potions of might.
     0 | D:1      | Reached XP level 1. HP: 22/22 MP: 0/0
   130 | D:1      | Reached XP level 2. HP: 26/28 MP: 0/0
   178 | D:1      | Reached skill level 1 in Spellcasting
   526 | D:1      | Reached XP level 3. HP: 33/33 MP: 0/0
   526 | D:1      | Learned a level 1 spell: Sting
  1063 | D:2      | Reached XP level 4. HP: 25/39 MP: 0/0
  1581 | D:3      | Found Seria's Assorted Antiques.
  1585 | D:3      | Bought a scroll labelled FUFEAV MEUW for 25 gold pieces
  1585 | D:3      | Bought a scroll labelled JEINOU SIAT for 25 gold pieces
  1769 | D:3      | Found a glowing drain.
  2046 | Sewer    | Entered a sewer
  2219 | Sewer    | Noticed Pargi
  2223 | Sewer    | Reached XP level 5. HP: 42/43 MP: 0/0
  2223 | Sewer    | Learned a level 2 spell: Blink
  2256 | Sewer    | Killed Pargi
  2599 | D:3      | Reached XP level 6. HP: 48/49 MP: 0/0
  2601 | D:3      | Found a faded altar of an unknown god.
  2619 | D:3      | Prayed at the altar of an unknown god.
  2619 | D:3      | Became a worshipper of Jiyva Jiehie the Shapeless
  2619 | D:3      | Reached * piety under Jiyva
  3244 | D:3      | Found a large runed translucent door.
  3245 | D:3      | Found a large runed translucent door.
  3369 | D:3      | Noticed TheOneDM's ghost (weakling MiFi)
  3482 | D:4      | Reached ** piety under Jiyva
  4024 | D:5      | Entered Level 5 of the Dungeon
  4058 | D:5      | Reached *** piety under Jiyva
  4109 | D:5      | Reached XP level 7. HP: 54/54 MP: 0/0
  4109 | D:5      | Learned a level 3 spell: Frozen Ramparts
  4136 | D:5      | Reached skill level 5 in Spellcasting
  4227 | D:5      | Found a bloodstained altar of Trog.
  4322 | D:5      | Identified the +2 demon trident of Dust {flame, rF++ rC-
                  | Str+8 Int-4}
  4769 | D:6      | Gained mutation: You have a pair of small antennae on your
                  | head. [Jiyva's grace]
  4769 | D:6      | Gained mutation: You have a pair of antennae on your head.
                  | [Jiyva's grace]
  4769 | D:6      | Gained mutation: You have a pair of large antennae on your
                  | head. (SInv) [Jiyva's grace]
  4769 | D:6      | Gained mutation: Your rubbery body absorbs attacks. (AC +1,
                  | EV +1) [Jiyva's grace]
  4803 | D:6      | Found a glowing silver altar of Zin.
  5028 | D:6      | Noticed a water moccasin
  5042 | D:6      | Killed a water moccasin
  5043 | D:6      | Reached skill level 5 in Dodging
  5043 | D:6      | Reached XP level 8. HP: 59/59 MP: 0/0
  5079 | D:6      | Reached **** piety under Jiyva
  5316 | D:6      | Noticed Maggie
  5343 | D:6      | Slain by Maggie

Illustrated notes

Levels and vault maps discovered:
D:1:      heliophobic_arrival_enchanted_forest, layout_loops_ring
D:2:      layout_rooms
D:3:      layout_loops_cross, hellmonk_ecumenical_altar_zigzags,
          portal_sewer_entry_a, ebering_ghost_disaster_area, serial_shops,
          nicolae_shop_hallway_stairs, minmay_increasing_density
D:4:      layout_loops_ring
D:5:      nicolae_cairo_tiling, layout_loops_ring,
          mainiacjoe_overflow_cross_hatched, kennysheep_decorative_pillar
D:6:      layout_layer_cave, tgw_kikubaaqudgha, fiery_altar_vehumet,
          lemuel_tele_altar, minmay_temple_entry_nine_rooms,
          minmay_stone_trees_medium, grunt_potential, uniq_maggie

Skill      XL: |  1  2  3  4  5  6  7 |
---------------+----------------------+-----
Spellcasting   | 1 2 3 4 5 |  5.7
Dodging        | 3 5 |  5.0
Fighting       | |  5.0
Throwing       | |  1.0
Armour         | |  1.0
Unarmed Combat | |  2.0

Action                   |  1- 3 |  4- 6 |  7- 9 || total
-------------------------+-------+-------+-------++-------
Melee: Dagger            |   100 |   175 |    89 ||   364
       Punch             |     1 |     4 |     1 ||     6
 Cast: Sting             |     7 |    89 |    27 ||   123
       Blink             |       |     1 |     3 ||     4
       Frozen Ramparts   |       |       |     9 ||     9
  Use: Potion            |       |     2 |     4 ||     6
       Scroll            |       |     2 |       ||     2
 Stab: Sleeping          |     1 |       |       ||     1
Armor: Leather armour    |    25 |    55 |    21 ||   101
Dodge: Dodged            |    55 |   126 |    62 ||   243
